 Dungeon Crawl Stone Soup version 0.24-a0-201-gf205589 (webtiles) character file.

Game seed: 5641416535093749058

9478 Ijustatesigmund the Nimble (level 11, -3/72 HPs)
             Began as an Octopode Fighter on Mar 23, 2019.
             Was the Champion of Cheibriados.
             Slain by an unseen horror (9 damage)
             ... on level 10 of the Dungeon.
             The game lasted 00:24:23 (9504 turns).

Ijustatesigmund the Nimble (Octopode Fighter)       Turns: 9504, Time: 00:24:24

Health: -3/72      AC:  3    Str: 30    XL:     11   Next: 47%
Magic:  13/13      EV: 25    Int: 28    God:    Cheibriados [******]
Gold:   372        SH: 20    Dex: 30    Spells: 6/10 levels left

rFire    . . .     SeeInvis .   a - +4 flail
rCold    + . .     Gourm    .   p - +0 large shield "Gonytz" {rC+} (curse)
rNeg     . . .     Faith    .   (helmet restricted)
rPois    .         Spirit   .   (no amulet)
rElec    .         Reflect  .   (no ring)
rCorr    .         Harm     .   (no ring)
MR       .....                  (no ring)
Stlth    +++++.....             (no ring)
HPRegen  0.22/turn              (no ring)
MPRegen  0.13/turn              (no ring)
                                (no ring)
                                (no ring)

@: very slow
A: almost no armour, stealthy swim, amphibious, 8 rings, constrict 8, iridescent
scales 1, camouflage 1, clever 1, low mp 1, gelatinous body 1
a: Bend Time, Temporal Distortion, Slouch, Step From Time, Renounce Religion


You were on level 10 of the Dungeon.
You worshipped Cheibriados.
Cheibriados was exalted by your worship.
You were very hungry.

You visited 1 branch of the dungeon, and saw 10 of its levels.
You also visited: Sewer.

You collected 372 gold pieces.

Inventory:

Hand Weapons
 a - a +4 flail (weapon)
 w - a +3 hunting sling of flaming
Missiles
 u - 5 throwing nets (quivered)
 x - 53 sling bullets
Armour
 b - a +4 shield
 p - the cursed +0 large shield "Gonytz" (worn) {rC+}
   (You found it on level 5 of the Dungeon)

   It protects you from cold.
   It has a curse placed upon it.
Jewellery
 o - an uncursed amulet of the gourmand
Wands
 k - a wand of flame (18)
 t - a wand of disintegration (11)
Scrolls
 g - 5 scrolls of amnesia
 h - 4 scrolls of fear
 l - 4 scrolls of remove curse
 n - 2 scrolls of fog
 s - a scroll of teleportation
Potions
 c - 3 potions of magic
 e - 5 potions of lignification
 f - 2 potions of brilliance
 i - a potion of invisibility
 q - 2 potions of flight
 r - a potion of ambrosia
Comestibles
 d - 19 rations


   Skills:
 + Level 5.9 Fighting
 + Level 6.1 Maces & Flails
 - Level 13.3 Dodging
 - Level 7.0 Stealth
 - Level 8.1 Shields
 + Level 6.6 Hexes
 + Level 5.5 Invocations


You had 6 spell levels left.
You knew the following spells:

 Your Spells              Type           Power        Failure   Level  Hunger
a - Confusing Touch       Hex            #####.       7%          1    ##.....
b - Confuse               Hex            #####...     21%         3    ####...

Your spell library contained the following spells:

 Spells                   Type           Power        Failure   Level  Hunger
 Summon Guardian Golem    Hex/Summ       ###.....     61%         3    ####...
 Summon Small Mammal      Summ           #...         69%         1    ##.....
 Call Imp                 Summ           #.......     83%         2    ###....
 Call Canine Familiar     Summ           #.......     96%         3    ####...
 Gell's Gravitas          Tloc           #.........   96%         3    ####...
 Petrify                  Tmut/Erth      #.......     100%        4    #####..
 Summon Ice Beast         Ice/Summ       #.......     100%        4    #####..
 Summon Lightning Spire   Summ/Air       #.......     100%        4    #####..
 Metabolic Englaciation   Hex/Ice        ###.......   100%        5    ######.
 Yara's Violent Unravell  Hex/Tmut       ###.......   100%        5    ######.


Dungeon Overview and Level Annotations

Branches:
Dungeon (10/15)            Temple (0/1) D:4
   Lair: D:8-11         Orc: D:9-12

Altars:
Cheibriados
Fedhas
Hepliaklqana
Makhleb
Trog
Uskayaw
Yredelemnul

Shops:
D:7 %

Annotations:
D:8 2 transporters


Innate Abilities, Weirdness & Mutations

You cannot wear most types of armour.
You are very stealthy in the water. (Stealth+)
You are amphibious.
You can wear up to eight rings at the same time.
You can use your tentacles to constrict eight enemies at once.
Your skin changes colour to match your surroundings (Stealth+).
Your rubbery body absorbs attacks. (AC +1, EV +1)
You are partially covered in iridescent scales. (AC +2)
Your mind is acute. (Int +2)
Your magical capacity is low. (-10% MP)


Message History

Something hits you!
* * * LOW HITPOINT WARNING * * *
Something closely misses you.
You sock something! You squeeze something. Something barely misses you.
Something hits you.
* * * LOW HITPOINT WARNING * * *
You barely miss something. You squeeze something. You block something's attack.
You swing at nothing.
You feel better. Something misses you. Something closely misses you.
You feel better. Something hits you.
* * * LOW HITPOINT WARNING * * *
As you read the scroll of fog, it crumbles to dust.
The scroll dissolves into smoke.
Something hits you.
* * * LOW HITPOINT WARNING * * *
You miss something. You squeeze something! You block something's attack. x2
You miss something. You squeeze something. Something hits you!
* * * LOW HITPOINT WARNING * * *
Something closely misses you.
You hit something. Your squeeze misses something. Something hits you!
You die...

#..# #..# #..#
#..# #.#####..#
#........#
#........#
#######..#######.#
#..§§@{§§..#
#..#######.# #..#
#..# #..# #..#
#..# #..# #..#


There were no monsters in sight!

Vanquished Creatures
  Erica (D:8)
  A queen ant (D:8)
  Joseph (D:7)
  A troll (D:9)
  4 hippogriffs (D:8)
  5 yaks (D:9)
  20 soldier ants (D:8)
  An ice beast (D:10)
  2 sky beasts
  Purgy (Sewer)
  2 ogres
  A necrophage (D:7)
  6 centaurs
  3 bullfrogs
  A scorpion (D:5)
  5 killer bees (D:8)
  8 wights (D:6)
  A howler monkey (D:2)
  4 crimson imps
  3 quasits
  5 hounds
  A jelly (D:7)
  3 orc priests
  7 orc wizards
  2 centaur skeletons
  3 iguanas
  Natasha (thrice) (D:2)
  27 worker ants
  2 hound skeletons
  2 worker ant zombies (D:8)
  14 gnolls
  24 adders
  A shadow imp (D:6)
  2 adder skeletons
  An adder zombie (D:6)
  3 worms (D:2)
  4 dart slugs
  8 leopard geckos
  29 orcs
  5 bats
  6 giant cockroaches
  12 goblins
  12 hobgoblins
  16 jackals
  4 quokkas
  5 ball pythons
  13 frilled lizards
  A giant cockroach zombie (D:5)
  A jackal skeleton (D:5)
  9 kobolds
  3 quokka skeletons
  7 rats
306 creatures vanquished.

Vanquished Creatures (others)
  A leopard gecko (D:8)
1 creature vanquished.

Grand Total: 307 creatures vanquished

Notes
Turn   | Place    | Note
-------+----------+-------------------------------------------
     0 | D:1      | Ijustatesigmund the Octopode Fighter began the quest for
                  | the Orb.
     0 | D:1      | Reached XP level 1. HP: 16/16 MP: 1/1
    66 | D:1      | Reached XP level 2. HP: 7/21 MP: 2/2
   578 | D:1      | Reached XP level 3. HP: 24/26 MP: 3/3
  1087 | D:2      | Reached XP level 4. HP: 19/31 MP: 4/4
  1088 | D:2      | Noticed Natasha
  1093 | D:2      | Killed Natasha
  1093 | D:2      | Reached XP level 5. HP: 17/36 MP: 5/5
  1113 | D:2      | Noticed Natasha
  1115 | D:2      | Gained mutation: Your magical capacity is low. (-10% MP)
                  | [potion of mutation]
  1115 | D:2      | Gained mutation: You are partially covered in iridescent
                  | scales. (AC +2) [potion of mutation]
  1115 | D:2      | Gained mutation: Your mind is acute. (Int +2) [potion of
                  | mutation]
  1122 | D:2      | Killed Natasha
  1127 | D:2      | Noticed Natasha
  1137 | D:2      | Killed Natasha
  1614 | D:2      | Found a burning altar of Makhleb.
  1622 | D:2      | Reached XP level 6. HP: 43/43 MP: 5/5
  1690 | D:3      | Reached skill level 4 in Dodging
  2215 | D:3      | Found a burning altar of Makhleb.
  2361 | D:3      | Found a snail-covered altar of Cheibriados.
  2373 | D:3      | Became a worshipper of Cheibriados the Contemplative
  2463 | D:4      | Found a hide-covered altar of Uskayaw.
  2464 | D:4      | Found a basalt altar of Yredelemnul.
  2520 | D:4      | Found a staircase to the Ecumenical Temple.
  2559 | D:4      | Reached skill level 1 in Stealth
  2563 | D:4      | Reached skill level 1 in Invocations
  2596 | D:4      | Reached XP level 7. HP: 32/48 MP: 7/7
  3398 | D:4      | Reached * piety under Cheibriados
  3672 | D:5      | Entered Level 5 of the Dungeon
  3687 | D:5      | Noticed a two-headed ogre
  3708 | D:5      | Got a brightly glowing large shield
  3719 | D:5      | Identified the cursed +0 large shield "Gonytz" {rC+} (You
                  | found it on level 5 of the Dungeon)
  3745 | D:5      | Found a glowing drain.
  3764 | Sewer    | Entered a sewer
  3985 | Sewer    | Noticed Purgy
  3998 | Sewer    | Killed Purgy
  3998 | Sewer    | Reached skill level 5 in Dodging
  3998 | Sewer    | Reached XP level 8. HP: 37/54 MP: 9/9
  4576 | D:5      | Reached ** piety under Cheibriados
  4576 | D:5      | Reached skill level 5 in Shields
  4707 | D:5      | Reached skill level 6 in Dodging
  4884 | D:5      | Found a hazy altar of Hepliaklqana.
  5291 | D:6      | Reached skill level 7 in Dodging
  5663 | D:6      | Reached skill level 8 in Dodging
  5753 | D:6      | Reached *** piety under Cheibriados
  5789 | D:6      | Reached XP level 9. HP: 45/58 MP: 10/10
  5937 | D:6      | Reached skill level 9 in Dodging
  6325 | D:7      | Noticed Joseph
  6337 | D:7      | Killed Joseph
  6337 | D:7      | Reached skill level 5 in Stealth
  6371 | D:7      | Reached **** piety under Cheibriados
  6371 | D:7      | Reached skill level 5 in Maces & Flails
  6681 | D:7      | Found Caibrash's Food Boutique.
  7137 | D:8      | Reached skill level 5 in Fighting
  7137 | D:8      | Reached skill level 10 in Dodging
  7218 | D:8      | Reached XP level 10. HP: 49/66 MP: 12/12
  7363 | D:8      | Noticed Erica
  7374 | D:8      | HP: 3/66 [poisoned by Erica (bolt of poison)]
  7669 | D:8      | Killed Erica
  7669 | D:8      | Reached skill level 5 in Invocations
  7772 | D:8      | Learned a level 1 spell: Confusing Touch
  7776 | D:8      | Learned a level 3 spell: Confuse
  7814 | D:8      | Reached skill level 1 in Hexes
  7826 | D:8      | Reached ***** piety under Cheibriados
  7849 | D:8      | Noticed a gargoyle
  7860 | D:8      | Found a blossoming altar of Fedhas.
  7860 | D:8      | Found a transporter.
  7861 | D:8      | Noticed a great orb of eyes
  7862 | D:8      | Noticed a cyclops
  7870 | D:8      | Found a transporter.
  8049 | D:8      | Reached skill level 11 in Dodging
  8092 | D:8      | Noticed a queen ant
  8110 | D:8      | Killed a queen ant
  8110 | D:8      | Reached skill level 12 in Dodging
  8117 | D:8      | Reached XP level 11. HP: 61/72 MP: 13/13
  8126 | D:8      | Reached skill level 5 in Hexes
  8167 | D:8      | Reached skill level 13 in Dodging
  8519 | D:9      | Reached ****** piety under Cheibriados
  8737 | D:9      | Found a bloodstained altar of Trog.
  9074 | D:10     | Entered Level 10 of the Dungeon
  9074 | D:10     | Noticed a deep elf mage
  9496 | D:10     | HP: 3/72 [something (6)]
  9504 | D:10     | Slain by an unseen horror

Levels and vault maps discovered:
D:1:      lightli_molten_gateway, layout_loops_corners
D:2:      layout_rooms, makhleb_heckhound_becter, uniq_natasha
D:3:      layout_rooms, kennysheep_slug_shrine, lemuel_round_altar
D:4:      layout_gridville, chequers_temple_overflow_statue_of_worship,
          minmay_temple_entry_purple_smoke
D:5:      layout_loops_corners, kennysheep_little_box, gup_sewer_entry_glass,
          first_ration, minmay_manual_mess
D:6:      layout_basic, serial_glass, glass_columns_c, glass_columns_c,
          glass_columns_c, glass_columns_c
D:7:      layout_gridville, serial_shops, shop, uniq_joseph
D:8:      corexii_shantytown, layout_rooms, gammafunk_temple_overflow_arena,
          grunt_ogre_cave, minivault_29, uniq_erica
D:9:      layout_rooms, trog_three_pillars_becter
D:10:     layout_long_grid, due_lair_maze_entry_diamond, david_orc_5, uniq_snorg
Sewer:    sewer_co_purgy_island

Skill      XL: |  1  2  3  4  5  6  7  8  9 10 11 |
---------------+----------------------------------+-----
Maces & Flails | 3 4 5 6 |  6.1
Shields        | 4 6 7 8 |  8.1
Fighting       | 4 5 |  5.9
Dodging        | 4 5 8 10 12 13 | 13.3
Stealth        | 2 4 6 7 |  7.0
Invocations    | 1 3 4 5 |  5.5
Hexes          | 4 6 |  6.6

Action                   |  1- 3 |  4- 6 |  7- 9 | 10-12 || total
-------------------------+-------+-------+-------+-------++-------
Melee: Flail             |    48 |   107 |   269 |   255 ||   679
       Constrict         |    10 |    32 |    74 |    58 ||   174
       Tentacles         |     8 |    19 |    97 |   119 ||   243
 Cast: Confuse           |       |       |       |     4 ||     4
       Confusing Touch   |       |       |       |     1 ||     1
Invok: Bend Time         |       |       |     1 |     1 ||     2
Evoke: Wand              |       |       |     2 |     1 ||     3
  Use: Scroll            |     3 |     1 |    12 |    12 ||    28
       Potion            |       |     9 |     3 |     7 ||    19
 Stab: Sleeping          |    11 |     1 |    18 |    28 ||    58
       Distracted        |       |       |     2 |     1 ||     3
  Eat: Chunk             |       |     5 |     6 |     4 ||    15
       Ration            |       |       |     1 |       ||     1
Armor: Skin              |     2 |    69 |    27 |     8 ||   106
Dodge: Dodged            |    17 |    74 |   133 |   135 ||   359
Block: Shield            |    12 |    78 |    25 |       ||   115
       Large shield      |       |       |   223 |   236 ||   459

Table legend:
 A = Non-vault XP
 B = Vault XP
 C = Vault XP percentage of total XP
 D = Non-vault monster count
 E = Vault monster count
 F = Vault count percentage of total count
                 A         B        C        D         E       F
            +---------+---------+-------+---------+---------+-------
      Total |    6981 |    6559 |  48.4 |     220 |      86 |  28.1
            +---------+---------+-------+---------+---------+-------
        D:1 |      42 |       0 |   0.0 |      23 |       0 |   0.0
        D:2 |     227 |      80 |  26.1 |      27 |       2 |   6.9
        D:3 |     184 |       4 |   2.1 |      25 |       1 |   3.8
        D:4 |     491 |       0 |   0.0 |      24 |       0 |   0.0
        D:5 |     364 |      44 |  10.8 |      23 |       5 |  17.9
        D:6 |    1180 |       0 |   0.0 |      41 |       0 |   0.0
        D:7 |     448 |     455 |  50.4 |       8 |       1 |  11.1
        D:8 |    1749 |    5837 |  76.9 |      18 |      70 |  79.5
        D:9 |    1841 |       0 |   0.0 |      27 |       0 |   0.0
       D:10 |     455 |       0 |   0.0 |       4 |       0 |   0.0
      Sewer |       0 |     139 | 100.0 |       0 |       7 | 100.0
            +---------+---------+-------+---------+---------+-------
